 Dungeon Crawl Stone Soup version 0.31-a0-596-g831eee08f1 (webtiles) character file.

Game seed: 5770379004562818908

7732 cforsyth the Prestidigitator (level 11, -8/74 HPs)
             Began as a Gnoll Artificer on Aug 20, 2023.
             Was a Follower of Hepliaklqana.
             Mangled by a shadow (15 damage)
             ... on level 10 of the Dungeon.
             The game lasted 00:29:49 (15246 turns).

cforsyth the Prestidigitator (Gnoll Artificer)     Turns: 15246, Time: 00:29:50

Health: -8/74      AC: 12    Str: 11    XL:     11   Next: 19%
Magic:  20/20      EV: 14    Int: 15    God:    Hepliaklqana [*.....]
Gold:   449        SH:  0    Dex: 13    Spells: 22/22 levels left

rFire   . . .        y - +3 short sword (freeze)
rCold   . . .        (no shield)
rNeg    . . .        m - +2 leather armour {rPois}
rPois   +            j - +0 helmet
rElec   .            v - +1 cloak
rCorr   .            a - +0 pair of gloves
SInv    .            o - +0 pair of boots
Will    .....        (no amulet)
Stlth   +++          (no ring)
HPRegen 0.32/turn    (no ring)
MPRegen 0.17/turn

%: no passive effects
@: studying Maces & Flails
A: reduced essence, fangs 1, strong nose, distributed training
a: Renounce Religion, Recall Ancestor, Ancestor Identity


You were on level 10 of the Dungeon.
You worshipped Hepliaklqana.
Hepliaklqana was aware of your devotion.
You visited 2 branches of the dungeon, and saw 11 of its levels.

You collected 614 gold pieces.
You spent 165 gold pieces at shops.

Inventory:

Hand Weapons
 i - a +2 dagger of flaming
 y - a +3 short sword of freezing (weapon)
 K - a +2 falchion of holy wrath
Missiles
 t - 19 poisoned darts (quivered)
 D - 2 silver javelins
Armour
 a - a +0 pair of gloves (worn)
 j - a +0 helmet (worn)
 m - a +2 leather armour of poison resistance (worn)
 o - a +0 pair of boots (worn)
 v - a +1 cloak (worn)
 x - the +0 pair of boots of Fun and Games {Harm rF+}
   (You found it on level 5 of the Dungeon)

   rF+:       It protects you from fire.
   Harm:      It increases damage dealt and taken.
 M - a +0 kite shield
Jewellery
 C - a ring of positive energy
Wands
 d - a wand of charming (13)
 e - a wand of iceblast (3)
 g - a wand of quicksilver (6)
 q - a wand of mindburst (17)
 N - a wand of polymorph (5)
Scrolls
 b - 2 scrolls of fog
 c - a scroll of blinking {unknown}
 f - a scroll of amnesia
 h - 2 scrolls of poison
 l - a scroll of immolation {unknown}
 n - a scroll of revelation
 r - 4 scrolls of teleportation
 s - a scroll of enchant armour
 w - a scroll of butterflies {unknown}
 E - a scroll of brand weapon
 I - a scroll of torment {unknown}
 L - a scroll of identify
Potions
 k - 2 potions of invisibility {unknown}
 p - a potion of mutation {unknown}
 u - a potion of lignification {unknown}
 z - 3 potions of heal wounds
 A - a potion of might {unknown}
 B - 4 potions of curing
 F - 2 potions of attraction
 G - a potion of enlightenment {unknown}
 H - a potion of resistance {unknown}
 J - 2 potions of degeneration {unknown}
 O - a potion of brilliance {unknown}


   Skills:
 + Level 6.7 Fighting
 + Level 6.1 Short Blades
 + Level 6.1 Long Blades
 + Level 6.1 Axes
 + Level 6.4 Maces & Flails
 + Level 6.1 Polearms
 + Level 6.1 Staves
 + Level 6.1 Ranged Weapons
 + Level 6.1 Throwing
 + Level 7.8 Armour
 + Level 6.7 Dodging
 + Level 6.6 Stealth
 + Level 6.1 Shields
 + Level 6.1 Unarmed Combat
 + Level 6.1 Spellcasting
 + Level 5.1 Conjurations
 + Level 5.1 Hexes
 + Level 5.1 Summonings
 + Level 5.1 Necromancy
 + Level 5.1 Translocations
 + Level 5.1 Transmutations
 + Level 5.1 Fire Magic
 + Level 5.1 Ice Magic
 + Level 5.1 Air Magic
 + Level 5.1 Earth Magic
 + Level 5.1 Poison Magic
 + Level 6.7 Invocations
 + Level 9.1 Evocations
 + Level 5.1 Shapeshifting


You had 22 spell levels left.
You didn't know any spells.
Your spell library contained the following spells:

 Spells                   Type           Power      Damage    Failure   Level
 Apportation              Tloc           40%        N/A       2%          1
 Necrotise                Necr           80%        1d8       2%          1
 Summon Small Mammal      Summ           80%        N/A       2%          1
 Static Discharge         Conj/Air       40%        2-4/arc   3%          2
 Gell's Gravitas          Tloc           20%        N/A       7%          3
 Summon Guardian Golem    Hex/Summ       20%        N/A       7%          3
 Teleport Other           Tloc           20%        N/A       7%          3
 Airstrike                Air            10%        2d(2-18)  22%         4
 Summon Lightning Spire   Summ/Air       20%        N/A       22%         4
 Dispersal                Tloc           10%        N/A       98%         6
 Orb of Destruction       Conj           10%        9d6       100%        7
 Spellforged Servitor     Conj/Summ      10%        N/A       100%        7


Dungeon Overview and Level Annotations

Branches:
Dungeon (10/15)            Temple (1/1) D:5            Lair (0/5) D:10
    Orc: D:9-12

Altars:
Ashenzari
Cheibriados
Dithmenos
Elyvilon
Fedhas
Gozag
Hepliaklqana
Kikubaaqudgha
Nemelex Xobeh
Okawaru
Qazlal
Ru
Sif Muna
Trog
Uskayaw
Vehumet
Wu Jian
Xom
Yredelemnul
Zin
The Shining One

Shops:
D:2 ?   D:4 ?   D:6 *=[[[   D:8 *   D:9 ?


Innate Abilities, Weirdness & Mutations

Your life essence is reduced to manifest your ancestor. (-10% HP)
You have very sharp teeth.
Your uncanny sense of smell can sniff out nearby items.
Your experience applies equally to all skills.


Message History

The shadow closely misses you.
You are too injured to fight recklessly!
You are too injured to fight recklessly!
You are too injured to fight recklessly!
You are too injured to fight recklessly!
You are too injured to fight recklessly!
You are too injured to fight recklessly!
You are too injured to fight recklessly!
You are too injured to fight recklessly!
You are too injured to fight recklessly!
You hit the troll. You freeze the troll.
The troll is almost dead.
Aula hits the troll.
The troll dies!
You completely miss the orc priest.
You bite the orc priest, but do no damage.
The orc priest closely misses you.
The shadow slips into darkness.
The shadow flickers and vanishes!
Deactivating autopickup; reactivate with Ctrl-A.
You hit the orc priest. You freeze the orc priest.
You punch the orc priest, but do no damage.
The orc priest is moderately wounded.
Aula closely misses the orc priest.
The orc priest invokes the aid of Beogh against you.
You struggle to resist.
The shadow strikes at you from the darkness!
* * * LOW HITPOINT WARNING * * *
Reactivating autopickup.
Aula hits the orc priest but does no damage.
The orc priest hits Aula but does no damage.
The shadow slips into darkness.
The shadow flickers and vanishes!
Deactivating autopickup; reactivate with Ctrl-A.
Aula hits the orc priest!
The orc priest barely misses Aula.
Aula closely misses the orc priest.
The orc priest hits Aula but does no damage.
There is a stone staircase leading up here.
The shadow strikes at you from the darkness!
You die...

######...#............
∆ ........))........#
.........)........#
..........).......#
####.#.)###...........
#.#..###...........#
#.#...###........#.# #
#...####........##
#.#@....###......##
#.......#####.####
###.......## .8
#........# #.......##
#...OR.#.# #..##o.#.#
.....##... .
####)......#.


You could see the friendly Aula the ancestor, a two-headed ogre and an orc
priest (distracted, ally target).

Vanquished Creatures
  Maggie (D:7)
  A gargoyle (D:7)
  A komodo dragon (D:9)
  A troll (D:7)
  Grinder (D:5)
  A hornet (D:9)
  Sigmund (D:3)
  A wraith (D:9)
  A wyvern (D:7)
  8 yaks
  2 acid dragons
  3 water moccasins
  4 orc warriors
  An ogre (D:3)
  8 centaurs
  2 phantoms
  2 kobold brigands
  6 bullfrogs
  A gnoll sergeant (D:8)
  Blork the orc (D:6)
  A scorpion (D:7)
  6 wights
  15 killer bees
  A hound (D:7)
  5 orc priests
  2 iguanas
  2 sleepcaps (D:7)
  9 orc wizards
  7 adders
  A shadow imp (D:5)
  2 white imps
  An ufetubus (D:4)
  3 worms
  A dart slug (D:4)
  41 orcs
  10 ball pythons
  4 bats
  6 endoplasms
  2 giant cockroaches
  A goblin (D:4)
  2 hobgoblins
  4 jackals (D:5)
  4 quokkas (D:1)
  4 frilled lizards
  29 kobolds
  3 rats (D:2)
213 creatures vanquished.

Vanquished Creatures (collateral kills)
  A troll (D:10)
  An orc warrior (D:9)
  A bullfrog (D:9)
  2 killer bees (D:10)
  2 orc wizards (D:10)
  3 orcs (D:10)
10 creatures vanquished.

Vanquished Creatures (others)
  A killer bee (D:10)
  3 ancestors
4 creatures vanquished.

Grand Total: 227 creatures vanquished

Notes
Turn   | Place    | Note
-------+----------+-------------------------------------------
     0 | D:1      | cforsyth the Gnoll Artificer began the quest for the Orb.
     0 | D:1      | Reached XP level 1. HP: 17/17 MP: 1/1
   202 | D:1      | Reached XP level 2. HP: 21/23 MP: 2/2
   902 | D:2      | Reached XP level 3. HP: 26/28 MP: 3/3
  1018 | D:2      | Reached skill level 1 in Invocations
  1093 | D:2      | Reached skill level 1 in Short Blades
  1093 | D:2      | Reached skill level 1 in Long Blades
  1093 | D:2      | Reached skill level 1 in Axes
  1093 | D:2      | Reached skill level 1 in Maces & Flails
  1093 | D:2      | Reached skill level 1 in Polearms
  1093 | D:2      | Reached skill level 1 in Staves
  1093 | D:2      | Reached skill level 1 in Ranged Weapons
  1093 | D:2      | Reached skill level 1 in Throwing
  1093 | D:2      | Reached skill level 1 in Shields
  1093 | D:2      | Reached skill level 1 in Unarmed Combat
  1093 | D:2      | Reached skill level 1 in Spellcasting
  1157 | D:2      | Found Izxivyik's Magic Scroll Emporium.
  1184 | D:2      | Reached XP level 4. HP: 26/34 MP: 5/5
  1729 | D:3      | Reached skill level 1 in Conjurations
  1729 | D:3      | Reached skill level 1 in Hexes
  1729 | D:3      | Reached skill level 1 in Summonings
  1729 | D:3      | Reached skill level 1 in Necromancy
  1729 | D:3      | Reached skill level 1 in Translocations
  1729 | D:3      | Reached skill level 1 in Transmutations
  1729 | D:3      | Reached skill level 1 in Fire Magic
  1729 | D:3      | Reached skill level 1 in Ice Magic
  1729 | D:3      | Reached skill level 1 in Air Magic
  1729 | D:3      | Reached skill level 1 in Earth Magic
  1729 | D:3      | Reached skill level 1 in Poison Magic
  1729 | D:3      | Reached skill level 1 in Shapeshifting
  1801 | D:3      | Noticed an ogre
  1805 | D:3      | Killed an ogre
  1806 | D:3      | Reached XP level 5. HP: 36/41 MP: 5/7
  1964 | D:3      | Noticed Sigmund
  1980 | D:3      | Killed Sigmund
  1981 | D:3      | Reached skill level 5 in Armour
  1981 | D:3      | Reached XP level 6. HP: 33/47 MP: 7/9
  2657 | D:4      | Reached XP level 7. HP: 38/52 MP: 10/10
  2771 | D:4      | Reached skill level 7 in Evocations
  3054 | D:4      | Found a shimmering blue altar of Sif Muna.
  3161 | D:4      | Found Aqiywema's Magic Scroll Shoppe.
  3494 | D:4      | Found a stormy altar of Qazlal.
  4041 | D:5      | Entered Level 5 of the Dungeon
  4068 | D:5      | Identified the +0 pair of boots of Fun and Games {Harm rF+}
  4303 | D:5      | Found a staircase to the Ecumenical Temple.
  4311 | Temple   | Entered the Ecumenical Temple
  4561 | D:5      | Noticed Grinder
  4567 | D:5      | Paralysed by Grinder for 5 turns
  4579 | D:5      | Paralysed by Grinder for 5 turns
  4603 | D:5      | Killed Grinder
  4604 | D:5      | Reached XP level 8. HP: 34/60 MP: 12/12
  4967 | D:6      | Found Haylaom's Antique Armour Boutique.
  5207 | D:6      | Found Hon Qao's Antique Armour Shop.
  5333 | D:6      | Found a shimmering altar of Xom.
  5334 | D:6      | Found a shimmering altar of Xom.
  5334 | D:6      | Found a shimmering altar of Xom.
  5640 | D:6      | Found Owirph's Assorted Antiques.
  5643 | D:6      | Bought a scroll labelled IPIHETT LUWOT for 28 gold pieces
  5643 | D:6      | Bought a scroll labelled QAZYGU ATIPTO for 28 gold pieces
  5643 | D:6      | Bought a scroll labelled ORPHIN ULUK for 28 gold pieces
  5643 | D:6      | Bought a scroll labelled ORPHIN ULUK for 28 gold pieces
  5643 | D:6      | Bought a scroll labelled SOJETOA HUGIME for 28 gold pieces
  5643 | D:6      | Bought a red potion for 25 gold pieces
  5729 | D:6      | Found Ipewau's Jewellery Shop.
  5763 | D:6      | Noticed Blork the orc
  5778 | D:6      | Killed Blork the orc
  6052 | D:6      | Found a transporter.
  6055 | D:6      | Found Puicud's Antique Armour Boutique.
  6201 | D:6      | Found a transporter.
  6480 | D:7      | Noticed Maggie
  6632 | D:7      | Killed Maggie
  6633 | D:7      | Reached XP level 9. HP: 37/67 MP: 13/15
  6968 | D:7      | Reached skill level 5 in Fighting
  6968 | D:7      | Reached skill level 5 in Dodging
  6989 | D:7      | Noticed a troll
  7087 | D:8      | Reached skill level 5 in Stealth
  7236 | D:7      | Reached skill level 8 in Evocations
  7310 | D:8      | Found a broken altar of Ashenzari.
  7407 | D:8      | Found an opulent altar of Gozag.
  7460 | D:8      | Reached skill level 5 in Invocations
  7577 | D:8      | Found Oquepia's CLEARANCE SALE!.
  8468 | D:8      | Found a hazy altar of Hepliaklqana.
  8477 | D:8      | Found an ornate altar of the Wu Jian Council.
  8687 | D:8      | Became a worshipper of Hepliaklqana the Forgotten
  8758 | D:9      | Found The Oracle's Delphic Readings.
  8776 | D:9      | Noticed a hornet
  9044 | D:9      | Reached XP level 10. HP: 40/75 MP: 17/17
  9449 | D:9      | Reached skill level 5 in Short Blades
  9449 | D:9      | Reached skill level 5 in Long Blades
  9449 | D:9      | Reached skill level 5 in Axes
  9449 | D:9      | Reached skill level 5 in Maces & Flails
  9449 | D:9      | Reached skill level 5 in Polearms
  9449 | D:9      | Reached skill level 5 in Staves
  9449 | D:9      | Reached skill level 5 in Ranged Weapons
  9449 | D:9      | Reached skill level 5 in Throwing
  9449 | D:9      | Reached skill level 5 in Shields
  9449 | D:9      | Reached skill level 5 in Unarmed Combat
  9449 | D:9      | Reached skill level 5 in Spellcasting
 12052 | D:9      | Found a snail-covered altar of Cheibriados.
 12954 | D:7      | Noticed a gargoyle
 12967 | D:7      | Killed a gargoyle
 13398 | D:10     | Entered Level 10 of the Dungeon
 13398 | D:10     | Reached * piety under Hepliaklqana
 13430 | D:10     | Found a staircase to the Lair.
 13712 | D:9      | Reached skill level 9 in Evocations
 13712 | D:9      | Reached XP level 11. HP: 74/74 MP: 18/20
 13778 | D:9      | Reached skill level 5 in Conjurations
 13778 | D:9      | Reached skill level 5 in Hexes
 13778 | D:9      | Reached skill level 5 in Summonings
 13778 | D:9      | Reached skill level 5 in Necromancy
 13778 | D:9      | Reached skill level 5 in Translocations
 13778 | D:9      | Reached skill level 5 in Transmutations
 13778 | D:9      | Reached skill level 5 in Fire Magic
 13778 | D:9      | Reached skill level 5 in Ice Magic
 13778 | D:9      | Reached skill level 5 in Air Magic
 13778 | D:9      | Reached skill level 5 in Earth Magic
 13778 | D:9      | Reached skill level 5 in Poison Magic
 13778 | D:9      | Reached skill level 5 in Shapeshifting
 14282 | D:10     | Found a sacrificial altar of Ru.
 15237 | D:10     | Noticed a two-headed ogre
 15246 | D:10     | Mangled by a shadow

Illustrated notes

Levels and vault maps discovered:
D:1:      scummos_arrival_gate, layout_loops_ring, grunt_decor_cap,
          nrook_mini_backslash, minmay_shallow_snake_nest
D:2:      layout_loops_ring, serial_shops, nicolae_shop_real_fake_doors
D:3:      layout_loops_cross, minivault_19, moated_statue,
          dreamdust_princess_corridor, uniq_sigmund
D:4:      kennysheep_kobold_camp, layout_loops_ring,
          nicolae_overflow_crystal_walls, mainiacjoe_overflow_surrounded_room,
          serial_shops, nicolae_shop_tiny_statue_garden
D:5:      layout_rooms, temple_fountains, uniq_grinder
D:6:      layout_loops_corners, xom_redecorated, serial_shops, shop_statue,
          shop, nicolae_diamond_shop, kennysheep_mini_moat,
          nicolae_shop_drivethru, uniq_blork_the_orc
D:7:      layout_rooms, minmay_manual_monstrance, uniq_maggie
D:8:      layout_loops_ring, grunt_gozag_breadcrumbs,
          nicolae_ashenzari_skybound, mainiacjoe_overflow_swirl, kennysheep_nub,
          nicolae_shop_clearance
D:9:      layout_gridville, cheibrodos_worm_habitat, kennysheep_pointless_box,
          nicolae_nh_oracle_at_delphi
D:10:     layout_loops_cross, nicolae_ru_sacrificial_ziggurat,
          overflow_temple_1_default, due_lair_maze_entry_diamond,
          hiddenorc1_lemuel
Temple:   nicolae_temple_hex_pool

Skill      XL: |  1  2  3  4  5  6  7  8  9 10 11 |
---------------+----------------------------------+-----
Invocations    | 1 2 3 4 5 6 |  6.7
Short Blades   | 1 2 3 4 6 |  6.1
Long Blades    | 1 2 3 4 6 |  6.1
Axes           | 1 2 3 4 6 |  6.1
Maces & Flails | 1 2 3 4 6 |  6.4
Polearms       | 1 2 3 4 6 |  6.1
Staves         | 1 2 3 4 6 |  6.1
Ranged Weapons | 1 2 3 4 6 |  6.1
Throwing       | 1 2 3 4 6 |  6.1
Shields        | 1 2 3 4 6 |  6.1
Unarmed Combat | 1 2 3 4 6 |  6.1
Spellcasting   | 1 2 3 4 6 |  6.1
Conjurations   | 1 2 3 4 5 |  5.1
Hexes          | 1 2 3 4 5 |  5.1
Summonings     | 1 2 3 4 5 |  5.1
Necromancy     | 1 2 3 4 5 |  5.1
Translocations | 1 2 3 4 5 |  5.1
Transmutations | 1 2 3 4 5 |  5.1
Fire Magic     | 1 2 3 4 5 |  5.1
Ice Magic      | 1 2 3 4 5 |  5.1
Air Magic      | 1 2 3 4 5 |  5.1
Earth Magic    | 1 2 3 4 5 |  5.1
Poison Magic   | 1 2 3 4 5 |  5.1
Shapeshifting  | 1 2 3 4 5 |  5.1
Fighting       | 3 4 5 6 |  6.7
Dodging        | 3 4 5 6 |  6.7
Armour         | 5 6 7 |  7.8
Stealth        | 3 4 5 6 |  6.6
Evocations     | 7 8 9 |  9.1

Action                     |  1- 3 |  4- 6 |  7- 9 | 10-12 || total
---------------------------+-------+-------+-------+-------++-------
  Melee: Club              |     8 |       |       |       ||     8
         Hand axe          |    72 |    39 |       |       ||   111
         Bite              |     5 |    11 |    74 |    72 ||   162
         Dagger            |       |    54 |   108 |       ||   162
         Short sword       |       |       |   531 |   541 ||  1072
         Punch             |       |       |    19 |    20 ||    39
  Throw: Dart              |       |       |    28 |     7 ||    35
 Invoke: Recall Ancestor   |       |       |       |     2 ||     2
  Evoke: Wand              |       |     8 |    10 |    12 ||    30
    Use: Scroll            |       |       |    11 |       ||    11
   Stab: Sleeping          |     1 |       |     8 |     1 ||    10
 Armour: Chain mail        |    84 |     7 |       |       ||    91
         Leather armour    |     3 |    37 |   269 |   220 ||   529
         Skin              |       |       |       |     5 ||     5
  Dodge: Dodged            |    52 |    49 |   413 |   395 ||   909

Table legend: (Time is in decaauts)
 A = Elapsed time spent in this place.
 B = Non-inter-level travel time spent in this place.
 C = Inter-level travel time spent in this place.
 D = Time resting spent in this place.
 E = Time spent auto-exploring this place.
 F = Levels seen in this place.
 G = Mean time per level.
                   A        B        C        D        E       F      G
               +--------+--------+--------+--------+--------+-----+--------+
         Total |  15141 |  14504 |    637 |   3541 |   7698 |  11 | 1376.5 |
       Dungeon |  15091 |  14479 |    612 |   3541 |   7698 |  10 | 1509.1 |
        Temple |     49 |     24 |     25 |      0 |      0 |   1 |   49.0 |
               +--------+--------+--------+--------+--------+-----+--------+

Top non-repeatable levels by time:
     D:8: 3098 daAuts
     D:9: 2997 daAuts
     D:6: 1743 daAuts
     D:7: 1643 daAuts
     D:4: 1481 daAuts
     D:2: 956 daAuts
     D:3: 869 daAuts
     D:1: 863 daAuts
     D:5: 845 daAuts
    D:10: 593 daAuts
  Temple: 49 daAuts
